Lightning vs Canadiens

Created - 23 octobre 2017 at 18:04

Goals
1 2 3 OT1 T
Lightning 1 0 2 1 4
Canadiens 3 0 0 0 3
Shots
1 2 3 OT1 T
Lightning 7 6 16 1 30
Canadiens 26 9 5 0 40

1st period

1. Canadiens , Max Pacioretty 2 (Bryan Little 2) at 0:04
2. Canadiens , Taylor Beck 1 (Sven Baertschi 1, Calvin de Haan 1) at 0:35
3. Canadiens , Max Pacioretty 3 (Bryan Little 3, Brent Seabrook 2) at 6:47 (PP)
4. Lightning , Andrej Sekera 1 (Drew Stafford 1, Jussi Jokinen 2) at 13:05

Penalties :
Radko Gudas (TAM) for Hooking (Minor) at 6:33

2nd period

No Goal

Penalties :
No Penalty

3rd period

5. Lightning , Matt Cullen 3 (Nick Foligno 4) at 11:20
6. Lightning , Ryan Dzingel 1 (Antoine Vermette 2) at 13:20

Penalties :
Matt Cullen (TAM) for Tripping (Minor) at 1:16, Carl Soderberg (TAM) for Interference (Minor) at 7:38

Overtime #1

7. Lightning , Radim Vrbata 2 (Ryan Nugent-Hopkins 2, Colin Miller 2) at 0:46

Penalties :
No Penalty

Goalie Stats

Braden Holtby (TAM), 37 saves from 40 shots - (0,925), W, 4-1-1, 60:46 minutes
Robin Lehner (MTL), 26 saves from 30 shots - (0,867), OTL, 3-2-1, 60:46 minutes

Players Stats for Lightning

Player Name              G  A  P  +/- PIM S  H  SB GA TA FO     MP     PP MP  PK MP  
------------------------------------------------------------------------------------
Andrej Sekera            1  0  1  -1  0   1  0  2  0  2  0/0    22:41   0:00   1:58 
Antoine Vermette         0  1  1   1  0   3  2  0  0  0  8/11   15:44   0:00   0:42 
Carl Soderberg           0  0  0   1  2   3  0  0  0  0  1/1     8:44   0:00   0:00 
Colin Miller             0  1  1   2  0   0  1  1  0  0  0/0    18:40   0:00   1:44 
Dennis Seidenberg        0  0  0   1  0   2  3  2  0  1  0/0    21:34   0:00   2:28 
Drew Stafford            0  1  1   1  0   2  0  0  0  0  0/3    11:07   0:00   1:45 
Jonathan Marchessault    0  0  0  -1  0   2  1  0  0  0  0/0    16:14   0:00   0:00 
Jussi Jokinen            0  1  1   1  0   0  0  0  0  1  0/0    17:27   0:00   2:23 
Matt Cullen              1  0  1   0  2   4  1  0  0  1  3/5    16:59   0:00   1:12 
Michal Rozsival          0  0  0   1  0   1  3  0  0  0  0/0    15:59   0:00   0:00 
Nick Foligno             0  1  1   1  0   3  3  0  0  1  1/3    16:40   0:00   0:37 
Noah Hanifin             0  0  0   1  0   1  0  1  1  0  0/0    15:59   0:00   0:00 
Radim Vrbata             1  0  1   1  0   3  1  0  1  0  6/20   15:53   0:00   0:00 
Radko Gudas              0  0  0  -1  2   0  2  3  0  0  0/0    25:52   0:00   2:14 
Ryan Dzingel             1  0  1   1  0   4  2  0  0  0  0/0    16:01   0:00   1:08 
Ryan Nugent-Hopkins      0  1  1  -1  0   0  3  1  0  0  4/17   17:13   0:00   0:37 
Tyler Seguin             0  0  0  -1  0   1  1  1  0  2  0/0    16:36   0:00   0:00 
Viktor Stalberg          0  0  0   1  0   0  1  0  1  0  0/1     8:40   0:00   0:00 

Players Stats for Canadiens

Player Name              G  A  P  +/- PIM S  H  SB GA TA FO     MP     PP MP  PK MP  
------------------------------------------------------------------------------------
Alexei Emelin            0  0  0   0  0   1  0  0  0  1  0/0    17:34   0:00   0:00 
Antoine Roussel          0  0  0   0  0   2  1  1  0  0  0/1    14:42   0:00   0:00 
Brent Seabrook           0  1  1   0  0   0  1  1  0  0  0/0    23:14   2:12   0:00 
Brett Pesce              0  0  0   0  0   2  2  1  1  0  0/0    20:01   2:00   0:00 
Bryan Little             0  2  2   0  0   0  0  1  1  0  19/28  18:19   2:18   0:00 
Calvin de Haan           0  1  1  -1  0   0  1  0  0  0  0/0    19:52   2:00   0:00 
Chris Kreider            0  0  0  -2  0   3  4  0  2  0  4/6    17:41   1:54   0:00 
Francois Beauchemin      0  0  0  -1  0   1  0  1  0  1  0/0    17:25   0:00   0:00 
Jake Muzzin              0  0  0  -1  0   1  2  2  0  1  0/0    22:40   2:12   0:00 
Max Pacioretty           2  0  2   0  0   7  0  0  0  0  1/2    18:19   2:18   0:00 
Mitchell Marner          0  0  0   1  0   5  4  0  1  0  0/0    17:46   1:54   0:00 
Nino Niederreiter        0  0  0  -2  0   3  1  1  1  0  0/0    17:10   1:54   0:00 
Patrick Marleau          0  0  0  -2  0   4  0  1  1  0  8/13   17:56   2:18   0:00 
Reilly Smith             0  0  0   0  0   3  3  0  0  0  0/0    14:59   0:00   0:00 
Ryan Strome              0  0  0   0  0   1  1  0  1  0  4/8    14:43   0:00   0:00 
Steve Ott                0  0  0   0  0   3  3  0  0  0  1/2    10:05   0:00   0:00 
Sven Baertschi           0  1  1   0  0   1  0  0  0  0  0/0    10:08   0:00   0:00 
Taylor Beck              1  0  1   0  0   3  0  1  0  0  1/1     9:44   0:00   0:00 

3 Stars

1 - Max Pacioretty (MTL)
2 - Ryan Dzingel (TAM)
3 - Radim Vrbata (TAM)

Power Play

Lightning - 0 on 0 Attempt(s) - 0,00%
Canadiens - 1 on 3 Attempt(s) - 33,33%

Penalty Kill

Lightning - 2 on 3 Attempt(s) - 66,67% - Score 0 goal in Penalty Kill
Canadiens - 0 on 0 Attempt(s) - 0,00% - Score 0 goal in Penalty Kill

Team Stat

Lightning - Hits : 24 - Faceoff Wins : 23 - Blocked Shots : 11 - Penalty Minutes : 6
Canadiens - Hits : 23 - Faceoff Wins : 38 - Blocked Shots : 10 - Penalty Minutes : 0

Official

Referees : Francis Charron and Tim Peel
Linesman : Tony Sericolo and Greg Devorski

Game Notes

No Game Note

Finance

Level 1 -- Attendance: 2516 (41,93%) -- Ticket Income 450 364 $
Level 2 -- Attendance: 2743 (54,86%) -- Ticket Income 244 127 $
Level 3 -- Attendance: 1093 (54,65%) -- Ticket Income 64 487 $
Level 4 -- Attendance: 1605 (40,13%) -- Ticket Income 78 645 $
Luxury Box -- Attendance: 735 (73,50%) -- Ticket Income 149 205 $
Game was played at the Centurions Coliseum.
Total Attendance: 8692 (48,29%)
Total Ticket Income: 986 828 $
Other Income: 483 546 $
Total Income: 1 470 374 $

Lightning

5 vs 5 Forward 
   Center                   Left Wing                Right Wing               Time % Phy DF OF 
 1 Ryan Nugent-Hopkins      Jonathan Marchessault    Tyler Seguin             31     0   1  4  
 2 Radim Vrbata             Matt Cullen              Nick Foligno             30     0   1  4  
 3 Antoine Vermette         Ryan Dzingel             Jussi Jokinen            26     0   1  4  
 4 Carl Soderberg           Viktor Stalberg          Drew Stafford            13     0   1  4  

5 vs 5 Defense 
   Defense                  Defense                                           Time % Phy DF OF 
 1 Andrej Sekera            Radko Gudas                                       40     0   1  4  
 2 Dennis Seidenberg        Colin Miller                                      30     0   1  4  
 3 Michal Rozsival          Noah Hanifin                                      20     0   1  4  
 4 Radko Gudas              Dennis Seidenberg                                 10     0   1  4  

PowerPlay Forward 
   Center                   Left Wing                Right Wing               Time % Phy DF OF 
 1 Ryan Nugent-Hopkins      Nick Foligno             Tyler Seguin             60     0   0  5  
 2 Matt Cullen              Jussi Jokinen            Radim Vrbata             40     0   0  5  

PowerPlay Defense
   Defense                  Defense                                           Time % Phy DF OF 
 1 Noah Hanifin             Dennis Seidenberg                                 60     0   1  4  
 2 Andrej Sekera            Radko Gudas                                       40     0   1  4  

Penalty Kill 4 Players Forward 
   Center                   Wing                     Time % Phy DF OF 
 1 Matt Cullen              Jussi Jokinen            60     0   4  1  
 2 Ryan Nugent-Hopkins      Nick Foligno             40     0   4  1  

Penalty Kill 4 Players Defense
   Defense                  Defense                  Time % Phy DF OF 
 1 Dennis Seidenberg        Radko Gudas              60     0   4  1  
 2 Colin Miller             Andrej Sekera            40     0   4  1  

Penalty Kill - 3 Players Forward 
   Forward                                           Time % Phy DF OF 
 1 Matt Cullen                                       60     0   4  1  
 2 Nick Foligno                                      40     0   4  1  

Penalty Kill - 3 Players Defense
   Defense                  Defense                  Time % Phy DF OF 
 1 Colin Miller             Dennis Seidenberg        60     0   4  1  
 2 Colin Miller             Radko Gudas              40     0   4  1  

4 vs 4 Forward 
   Center                   Wing                     Time % Phy DF OF 
 1 Tyler Seguin             Nick Foligno             60     1   2  2  
 2 Radim Vrbata             Ryan Nugent-Hopkins      40     1   2  2  

4 vs 4 Defense
   Defense                  Defense                  Time % Phy DF OF 
 1 Colin Miller             Radko Gudas              60     1   2  2  
 2 Dennis Seidenberg        Noah Hanifin             40     1   2  2  

Last Minutes Offensive
   Center                   Left Wing                Right Wing               Defense                  Defense                  
   Tyler Seguin             Nick Foligno             Radim Vrbata             Andrej Sekera            Noah Hanifin             

Last Minutes Defensive
   Center                   Left Wing                Right Wing               Defense                  Defense                  
   Tyler Seguin             Nick Foligno             Radim Vrbata             Colin Miller             Noah Hanifin             

Goaltenders
Starting : Braden Holtby            
Backup : Eddie Lack               

Extra Forwards
Normal : Jussi Jokinen, Antoine Vermette, Drew Stafford - PP : Jussi Jokinen, Antoine Vermette - PK : Drew Stafford
Extra Defensemen
Normal : Michal Rozsival, Colin Miller, Dennis Seidenberg - PP : Michal Rozsival - PK : Andrej Sekera, Dennis Seidenberg
Penalty Shots
Tyler Seguin, Radim Vrbata, Ryan Nugent-Hopkins, Jonathan Marchessault, Matt Cullen
Custom OT Lines Forwards
Tyler Seguin, Nick Foligno, Radim Vrbata, Ryan Nugent-Hopkins, Matt Cullen, Jonathan Marchessault, Jussi Jokinen, Antoine Vermette, Drew Stafford, Viktor Stalberg
Custom OT Lines Defensemen
Colin Miller, Dennis Seidenberg, Radko Gudas, Noah Hanifin, Michal Rozsival

Scratches
Eric Tangradi (Healthy), Johnny Boychuk (Right Foot Injury)

Canadiens

5 vs 5 Forward 
   Center                   Left Wing                Right Wing               Time % Phy DF OF 
 1 Bryan Little             Max Pacioretty           Mitchell Marner          30     0   2  3  
 2 Patrick Marleau          Chris Kreider            Nino Niederreiter        30     0   2  3  
 3 Ryan Strome              Antoine Roussel          Reilly Smith             25     0   2  3  
 4 Steve Ott                Sven Baertschi           Taylor Beck              15     0   2  3  

5 vs 5 Defense 
   Defense                  Defense                                           Time % Phy DF OF 
 1 Brent Seabrook           Jake Muzzin                                       32     0   3  2  
 2 Calvin de Haan           Francois Beauchemin                               32     0   3  2  
 3 Alexei Emelin            Brett Pesce                                       30     1   2  2  
 4 Brent Seabrook           Jake Muzzin                                       6      0   3  2  

PowerPlay Forward 
   Center                   Left Wing                Right Wing               Time % Phy DF OF 
 1 Bryan Little             Max Pacioretty           Patrick Marleau          50     0   1  4  
 2 Chris Kreider            Nino Niederreiter        Mitchell Marner          50     0   1  4  

PowerPlay Defense
   Defense                  Defense                                           Time % Phy DF OF 
 1 Brent Seabrook           Jake Muzzin                                       50     0   2  3  
 2 Brett Pesce              Calvin de Haan                                    50     0   2  3  

Penalty Kill 4 Players Forward 
   Center                   Wing                     Time % Phy DF OF 
 1 Ryan Strome              Antoine Roussel          60     0   4  1  
 2 Steve Ott                Reilly Smith             40     0   4  1  

Penalty Kill 4 Players Defense
   Defense                  Defense                  Time % Phy DF OF 
 1 Brett Pesce              Francois Beauchemin      60     0   5  0  
 2 Alexei Emelin            Calvin de Haan           40     0   5  0  

Penalty Kill - 3 Players Forward 
   Forward                                           Time % Phy DF OF 
 1 Antoine Roussel                                   50     0   5  0  
 2 Reilly Smith                                      50     0   5  0  

Penalty Kill - 3 Players Defense
   Defense                  Defense                  Time % Phy DF OF 
 1 Brent Seabrook           Francois Beauchemin      50     0   5  0  
 2 Calvin de Haan           Alexei Emelin            50     0   5  0  

4 vs 4 Forward 
   Center                   Wing                     Time % Phy DF OF 
 1 Patrick Marleau          Chris Kreider            50     0   2  3  
 2 Max Pacioretty           Nino Niederreiter        50     0   2  3  

4 vs 4 Defense
   Defense                  Defense                  Time % Phy DF OF 
 1 Brent Seabrook           Calvin de Haan           50     0   3  2  
 2 Jake Muzzin              Brett Pesce              50     0   3  2  

Last Minutes Offensive
   Center                   Left Wing                Right Wing               Defense                  Defense                  
   Bryan Little             Max Pacioretty           Chris Kreider            Brent Seabrook           Jake Muzzin              

Last Minutes Defensive
   Center                   Left Wing                Right Wing               Defense                  Defense                  
   Bryan Little             Antoine Roussel          Steve Ott                Francois Beauchemin      Brent Seabrook           

Goaltenders
Starting : Robin Lehner             
Backup : Brian Elliott            

Extra Forwards
Normal : Reilly Smith, Ryan Strome, Sven Baertschi - PP : Reilly Smith, Ryan Strome - PK : Bryan Little
Extra Defensemen
Normal : Calvin de Haan, Brett Pesce, Francois Beauchemin - PP : Calvin de Haan - PK : Brett Pesce, Francois Beauchemin
Penalty Shots
Antoine Roussel, Mitchell Marner, Brett Pesce, Steve Ott, Patrick Marleau
Custom OT Lines Forwards
Max Pacioretty, Bryan Little, Mitchell Marner, Chris Kreider, Patrick Marleau, Nino Niederreiter, Reilly Smith, Ryan Strome, Sven Baertschi, Antoine Roussel
Custom OT Lines Defensemen
Brent Seabrook, Jake Muzzin, Brett Pesce, Calvin de Haan, Francois Beauchemin

Scratches
Andreas Athanasiou (Fractured Bone in Right Hand Injury), Taylor Chorney (Healthy)

% Time on Ice - Lightning

Lines # - Real PCT - Wanted PCT - Time Play
Normal Forward
1 - 30% - 31% - 16:59
2 - 28% - 30% - 15:29
3 - 26% - 26% - 14:40
4 - 16% - 13% - 8:40
Normal Defense
1 - 37% - 40% - 20:46
2 - 29% - 30% - 16:10
3 - 29% - 20% - 15:59
4 - 5% - 10% - 2:53
PP Forward
1 - 0% - 60%
2 - 0% - 40%
PP Defense
1 - 0% - 60%
2 - 0% - 40%
PK Forward
1 - 85% - 60% - 3:35
2 - 15% - 40% - 0:37
PK Defense
1 - 59% - 60% - 2:28
2 - 41% - 40% - 1:44
PK3 Forward
1 - 0% - 60%
2 - 0% - 40%
PK3 Defense
1 - 0% - 60%
2 - 0% - 40%
44 Forward
1 - 0% - 60%
2 - 0% - 40%
44 Defense
1 - 0% - 60%
2 - 0% - 40%
Last Minute Offensive  - 0:00
Last Minute Defensive  - 0:00
Total
Forward - 60:00
Defense - 60:00

% Time on Ice - Canadiens

Lines # - Real PCT - Wanted PCT - Time Play
Normal Forward
1 - 29% - 30% - 16:06
2 - 27% - 30% - 15:16
3 - 26% - 25% - 14:42
4 - 17% - 15% - 9:44
Normal Defense
1 - 32% - 32% - 18:05
2 - 32% - 32% - 17:52
3 - 31% - 30% - 17:34
4 - 4% - 6% - 2:17
PP Forward
1 - 55% - 50% - 2:18
2 - 45% - 50% - 1:54
PP Defense
1 - 52% - 50% - 2:12
2 - 48% - 50% - 2:00
PK Forward
1 - 0% - 60%
2 - 0% - 40%
PK Defense
1 - 0% - 60%
2 - 0% - 40%
PK3 Forward
1 - 0% - 50%
2 - 0% - 50%
PK3 Defense
1 - 0% - 50%
2 - 0% - 50%
44 Forward
1 - 0% - 50%
2 - 0% - 50%
44 Defense
1 - 0% - 50%
2 - 0% - 50%
Last Minute Offensive  - 0:00
Last Minute Defensive  - 0:00
Total
Forward - 60:00
Defense - 60:00

Play by Play

1st period


0:01 of 1st period - Bryan Little wins face-off versus Ryan Nugent-Hopkins in neutral zone.
0:04 of 1st period - Wrist shot by Max Pacioretty.
0:04 of 1st period - Goal by Max Pacioretty - Lightning : 0 - Canadiens : 1.
0:05 of 1st period - Patrick Marleau wins face-off versus Radim Vrbata in neutral zone.
0:35 of 1st period - Snap shot by Sven Baertschi.
0:35 of 1st period - Deflect By Taylor Beck.
0:35 of 1st period - Goal by Taylor Beck - Lightning : 0 - Canadiens : 2.
0:36 of 1st period - Antoine Vermette wins face-off versus Ryan Strome in neutral zone.
0:44 of 1st period - Icing by Alexei Emelin.
0:45 of 1st period - Antoine Vermette wins face-off versus Ryan Strome in Canadiens zone.
1:18 of 1st period - Alexei Emelin is hit by Michal Rozsival and loses puck.
1:47 of 1st period - Antoine Roussel is hit by Antoine Vermette and loses puck.
2:02 of 1st period - Snap shot by Antoine Vermette.
2:02 of 1st period - Stopped by Robin Lehner without a rebound.
2:03 of 1st period - Bryan Little wins face-off versus Ryan Nugent-Hopkins in Canadiens zone.
2:03 of 1st period - Bryan Little is hit by Ryan Nugent-Hopkins.
2:15 of 1st period - Wrist shot by Max Pacioretty.
2:15 of 1st period - Stopped by Braden Holtby without a rebound.
2:16 of 1st period - Bryan Little wins face-off versus Ryan Nugent-Hopkins in Lightning zone.
2:19 of 1st period - Snap shot by Max Pacioretty.
2:19 of 1st period - Deflect By Andrej Sekera.
2:19 of 1st period - Shot Misses the Net.
2:19 of 1st period - Puck is out of play.
2:20 of 1st period - Bryan Little wins face-off versus Ryan Nugent-Hopkins in Lightning zone.
3:29 of 1st period - Wrist shot by Antoine Vermette.
3:29 of 1st period - Shot Blocked by Jake Muzzin.
3:33 of 1st period - Slapshot by Jussi Jokinen.
3:33 of 1st period - Shot Blocked by Patrick Marleau.
3:35 of 1st period - Snap shot by Antoine Vermette.
3:35 of 1st period - Stopped by Robin Lehner without a rebound.
3:36 of 1st period - Antoine Vermette wins face-off versus Steve Ott in Canadiens zone.
3:51 of 1st period - Slapshot by Ryan Dzingel.
3:51 of 1st period - Stopped by Robin Lehner without a rebound.
3:52 of 1st period - Bryan Little wins face-off versus Ryan Nugent-Hopkins in Canadiens zone.
4:02 of 1st period - Snap shot by Max Pacioretty.
4:02 of 1st period - Stopped by Braden Holtby with a rebound.
4:04 of 1st period - Slapshot by Francois Beauchemin.
4:04 of 1st period - Shot Blocked by Radko Gudas.
4:06 of 1st period - Snap shot by Mitchell Marner.
4:06 of 1st period - Shot Blocked by Tyler Seguin.
4:40 of 1st period - Noah Hanifin is hit by Reilly Smith and loses puck.
5:02 of 1st period - Icing by Jussi Jokinen.
5:03 of 1st period - Antoine Vermette wins face-off versus Patrick Marleau in Lightning zone.
5:19 of 1st period - Snap shot by Chris Kreider.
5:19 of 1st period - Stopped by Braden Holtby with a rebound.
5:25 of 1st period - Wrist shot by Chris Kreider.
5:25 of 1st period - Shot Misses the Net.
5:43 of 1st period - Snap shot by Patrick Marleau.
5:43 of 1st period - Stopped by Braden Holtby without a rebound.
5:44 of 1st period - Bryan Little wins face-off versus Ryan Nugent-Hopkins in Lightning zone.
5:45 of 1st period - Snap shot by Mitchell Marner.
5:45 of 1st period - Shot Misses the Net.
5:47 of 1st period - Snap shot by Max Pacioretty.
5:47 of 1st period - Stopped by Braden Holtby without a rebound.
5:48 of 1st period - Bryan Little wins face-off versus Ryan Nugent-Hopkins in Lightning zone.
6:33 of 1st period - Minor Penalty to Radko Gudas for Hooking.
6:34 of 1st period - Matt Cullen wins face-off versus Bryan Little in Lightning zone.
6:45 of 1st period - Wrist shot by Bryan Little.
6:45 of 1st period - Shot Blocked by Dennis Seidenberg.
6:47 of 1st period - Snap shot by Max Pacioretty.
6:47 of 1st period - Goal by Max Pacioretty - Lightning : 0 - Canadiens : 3.
6:48 of 1st period - Bryan Little wins face-off versus Radim Vrbata in neutral zone.
7:00 of 1st period - Off-side.
7:01 of 1st period - Bryan Little wins face-off versus Matt Cullen in neutral zone.
7:08 of 1st period - Snap shot by Bryan Little.
7:08 of 1st period - Shot Blocked by Andrej Sekera.
8:04 of 1st period - Wrist shot by Patrick Marleau.
8:04 of 1st period - Stopped by Braden Holtby with a rebound.
8:18 of 1st period - Wrist shot by Antoine Vermette.
8:18 of 1st period - Shot Misses the Net.
8:20 of 1st period - Wrist shot by Ryan Dzingel.
8:20 of 1st period - Stopped by Robin Lehner without a rebound.
8:21 of 1st period - Ryan Strome wins face-off versus Radim Vrbata in Canadiens zone.
8:55 of 1st period - Snap shot by Reilly Smith.
8:55 of 1st period - Stopped by Braden Holtby with a rebound.
8:57 of 1st period - Wrist shot by Ryan Strome.
8:57 of 1st period - Shot Misses the Net.
9:09 of 1st period - Wrist shot by Reilly Smith.
9:09 of 1st period - Stopped by Braden Holtby with a rebound.
9:11 of 1st period - Slapshot by Antoine Roussel.
9:11 of 1st period - Shot Blocked by Ryan Nugent-Hopkins.
9:13 of 1st period - Snap shot by Antoine Roussel.
9:13 of 1st period - Shot Misses the Net.
9:31 of 1st period - Snap shot by Antoine Roussel.
9:31 of 1st period - Stopped by Braden Holtby with a rebound.
9:33 of 1st period - Slapshot by Calvin de Haan.
9:33 of 1st period - Deflect By Antoine Roussel.
9:33 of 1st period - Shot Misses the Net.
9:33 of 1st period - Puck is out of play.
9:34 of 1st period - Bryan Little wins face-off versus Radim Vrbata in Lightning zone.
9:39 of 1st period - Snap shot by Max Pacioretty.
9:39 of 1st period - Stopped by Braden Holtby with a rebound.
9:59 of 1st period - Jake Muzzin is hit by Viktor Stalberg and loses puck.
10:10 of 1st period - Wrist shot by Nino Niederreiter.
10:10 of 1st period - Stopped by Braden Holtby with a rebound.
10:15 of 1st period - Icing by Dennis Seidenberg.
10:16 of 1st period - Bryan Little wins face-off versus Viktor Stalberg in Lightning zone.
11:35 of 1st period - Bryan Little is hit by Colin Miller and loses puck.
11:57 of 1st period - Wrist shot by Nick Foligno.
11:57 of 1st period - Deflect By Matt Cullen.
11:57 of 1st period - Shot Misses the Net.
11:57 of 1st period - Puck is out of play.
11:58 of 1st period - Patrick Marleau wins face-off versus Ryan Nugent-Hopkins in Canadiens zone.
11:58 of 1st period - Patrick Marleau is hit by Radko Gudas.
12:12 of 1st period - Slapshot by Nino Niederreiter.
12:12 of 1st period - Stopped by Braden Holtby without a rebound.
12:13 of 1st period - Radim Vrbata wins face-off versus Bryan Little in Lightning zone.
13:05 of 1st period - Snap shot by Andrej Sekera.
13:05 of 1st period - Goal by Andrej Sekera - Lightning : 1 - Canadiens : 3.
13:06 of 1st period - Bryan Little wins face-off versus Radim Vrbata in neutral zone.
13:09 of 1st period - Matt Cullen is hit by Mitchell Marner and loses puck.
13:32 of 1st period - Taylor Beck is hit by Ryan Dzingel.
14:14 of 1st period - Snap shot by Drew Stafford.
14:14 of 1st period - Shot Misses the Net.
14:16 of 1st period - Wrist shot by Viktor Stalberg.
14:16 of 1st period - Deflect By Brent Seabrook.
14:16 of 1st period - Shot Misses the Net.
14:16 of 1st period - Puck is out of play.
14:17 of 1st period - Carl Soderberg wins face-off versus Bryan Little in Canadiens zone.
14:26 of 1st period - Snap shot by Max Pacioretty.
14:26 of 1st period - Shot Misses the Net.
14:28 of 1st period - Slapshot by Francois Beauchemin.
14:28 of 1st period - Stopped by Braden Holtby without a rebound.
14:29 of 1st period - Max Pacioretty wins face-off versus Radim Vrbata in Lightning zone.
14:54 of 1st period - Antoine Vermette is hit by Brett Pesce.
15:00 of 1st period - Snap shot by Patrick Marleau.
15:00 of 1st period - Stopped by Braden Holtby with a rebound.
15:18 of 1st period - Snap shot by Sven Baertschi.
15:18 of 1st period - Shot Misses the Net.
15:20 of 1st period - Slapshot by Sven Baertschi.
15:20 of 1st period - Shot Blocked by Colin Miller.
15:22 of 1st period - Wrist shot by Steve Ott.
15:22 of 1st period - Stopped by Braden Holtby without a rebound.
15:23 of 1st period - Radim Vrbata wins face-off versus Chris Kreider in Lightning zone.
16:13 of 1st period - Snap shot by Mitchell Marner.
16:13 of 1st period - Stopped by Braden Holtby without a rebound.
16:14 of 1st period - Ryan Nugent-Hopkins wins face-off versus Bryan Little in Lightning zone.
16:18 of 1st period - Off-side.
16:19 of 1st period - Radim Vrbata wins face-off versus Bryan Little in neutral zone.
16:24 of 1st period - Snap shot by Radim Vrbata.
16:24 of 1st period - Stopped by Robin Lehner without a rebound.
16:25 of 1st period - Bryan Little wins face-off versus Radim Vrbata in Canadiens zone.
16:36 of 1st period - Matt Cullen is hit by Calvin de Haan and loses puck.
16:51 of 1st period - Patrick Marleau is hit by Tyler Seguin and loses puck.
17:10 of 1st period - Slapshot by Ryan Strome.
17:10 of 1st period - Stopped by Braden Holtby with a rebound.
17:12 of 1st period - Wrist shot by Reilly Smith.
17:12 of 1st period - Shot Misses the Net.
17:14 of 1st period - Snap shot by Antoine Roussel.
17:14 of 1st period - Stopped by Braden Holtby with a rebound.
17:16 of 1st period - Snap shot by Brett Pesce.
17:16 of 1st period - Deflect By Antoine Vermette.
17:16 of 1st period - Stopped by Braden Holtby with a rebound.
17:18 of 1st period - Slapshot by Jake Muzzin.
17:18 of 1st period - Stopped by Braden Holtby without a rebound.
17:19 of 1st period - Patrick Marleau wins face-off versus Radim Vrbata in Lightning zone.
17:24 of 1st period - Snap shot by Nino Niederreiter.
17:24 of 1st period - Shot Misses the Net.
17:34 of 1st period - Slapshot by Patrick Marleau.
17:34 of 1st period - Deflect By Nick Foligno.
17:34 of 1st period - Stopped by Braden Holtby with a rebound.
17:56 of 1st period - Slapshot by Mitchell Marner.
17:56 of 1st period - Stopped by Braden Holtby with a rebound.
17:58 of 1st period - Wrist shot by Max Pacioretty.
17:58 of 1st period - Shot Misses the Net.
18:09 of 1st period - Off-side.
18:10 of 1st period - Antoine Vermette wins face-off versus Antoine Roussel in neutral zone.
18:12 of 1st period - Off-side.
18:13 of 1st period - Steve Ott wins face-off versus Antoine Vermette in neutral zone.
18:26 of 1st period - Snap shot by Sven Baertschi.
18:26 of 1st period - Shot Misses the Net.
18:28 of 1st period - Slapshot by Steve Ott.
18:28 of 1st period - Stopped by Braden Holtby with a rebound.
18:42 of 1st period - Slapshot by Nick Foligno.
18:42 of 1st period - Shot Blocked by Antoine Roussel.
18:44 of 1st period - Wrist shot by Matt Cullen.
18:44 of 1st period - Stopped by Robin Lehner with a rebound.
19:00 of 1st period - Slapshot by Tyler Seguin.
19:00 of 1st period - Shot Misses the Net.
19:46 of 1st period - Alexei Emelin is hit by Michal Rozsival and loses puck.
Goals for this period are 1 for Lightning vs 3 for Canadiens.
Shots for this period are 7 for Lightning vs 26 for Canadiens.

2nd period


0:01 of 2nd period - Radim Vrbata wins face-off versus Patrick Marleau in neutral zone.
0:04 of 2nd period - Alexei Emelin is hit by Dennis Seidenberg.
0:37 of 2nd period - Snap shot by Jonathan Marchessault.
0:37 of 2nd period - Stopped by Robin Lehner without a rebound.
0:38 of 2nd period - Antoine Vermette wins face-off versus Bryan Little in Canadiens zone.
1:04 of 2nd period - Jake Muzzin is hit by Radim Vrbata.
2:08 of 2nd period - Snap shot by Ryan Dzingel.
2:08 of 2nd period - Shot Blocked by Brett Pesce.
2:30 of 2nd period - Matt Cullen is hit by Chris Kreider and loses puck.
3:12 of 2nd period - Antoine Roussel is hit by Michal Rozsival and loses puck.
3:47 of 2nd period - Andrej Sekera is hit by Mitchell Marner and loses puck.
4:19 of 2nd period - Slapshot by Antoine Vermette.
4:19 of 2nd period - Deflect By Ryan Dzingel.
4:19 of 2nd period - Shot Misses the Net.
4:19 of 2nd period - Puck is out of play.
4:20 of 2nd period - Ryan Nugent-Hopkins wins face-off versus Patrick Marleau in Canadiens zone.
4:35 of 2nd period - Backhand shot by Tyler Seguin.
4:35 of 2nd period - Shot Blocked by Francois Beauchemin.
4:47 of 2nd period - Bryan Little is hit by Nick Foligno and loses puck.
5:08 of 2nd period - Matt Cullen is hit by Steve Ott and loses puck.
5:13 of 2nd period - Wrist shot by Taylor Beck.
5:13 of 2nd period - Stopped by Braden Holtby with a rebound.
5:53 of 2nd period - Chris Kreider is hit by Ryan Nugent-Hopkins and loses puck.
6:42 of 2nd period - Slapshot by Sven Baertschi.
6:42 of 2nd period - Deflect By Steve Ott.
6:42 of 2nd period - Shot Blocked by Andrej Sekera.
6:42 of 2nd period - Puck is out of play.
6:43 of 2nd period - Patrick Marleau wins face-off versus Ryan Nugent-Hopkins in Lightning zone.
6:50 of 2nd period - Wrist shot by Chris Kreider.
6:50 of 2nd period - Stopped by Braden Holtby without a rebound.
6:51 of 2nd period - Patrick Marleau wins face-off versus Ryan Nugent-Hopkins in Lightning zone.
7:03 of 2nd period - Snap shot by Jonathan Marchessault.
7:03 of 2nd period - Shot Blocked by Nino Niederreiter.
7:21 of 2nd period - Nino Niederreiter is hit by Jonathan Marchessault and loses puck.
7:47 of 2nd period - Off-side.
7:48 of 2nd period - Bryan Little wins face-off versus Radim Vrbata in neutral zone.
8:18 of 2nd period - Snap shot by Bryan Little.
8:18 of 2nd period - Shot Misses the Net.
8:20 of 2nd period - Slapshot by Alexei Emelin.
8:20 of 2nd period - Shot Misses the Net.
8:22 of 2nd period - Wrist shot by Bryan Little.
8:22 of 2nd period - Shot Misses the Net.
8:24 of 2nd period - Slapshot by Alexei Emelin.
8:24 of 2nd period - Deflect By Andrej Sekera.
8:24 of 2nd period - Stopped by Braden Holtby with a rebound.
8:36 of 2nd period - Snap shot by Max Pacioretty.
8:36 of 2nd period - Stopped by Braden Holtby with a rebound.
8:38 of 2nd period - Slapshot by Brent Seabrook.
8:38 of 2nd period - Deflect By Max Pacioretty.
8:38 of 2nd period - Shot Blocked by Radko Gudas.
8:38 of 2nd period - Puck is out of play.
8:39 of 2nd period - Ryan Strome wins face-off versus Radim Vrbata in Lightning zone.
9:06 of 2nd period - Sven Baertschi is hit by Dennis Seidenberg and loses puck.
9:27 of 2nd period - Slapshot by Nino Niederreiter.
9:27 of 2nd period - Shot Misses the Net.
9:29 of 2nd period - Wrist shot by Nino Niederreiter.
9:29 of 2nd period - Shot Blocked by Noah Hanifin.
9:47 of 2nd period - Wrist shot by Reilly Smith.
9:47 of 2nd period - Stopped by Braden Holtby with a rebound.
10:24 of 2nd period - Slapshot by Antoine Vermette.
10:24 of 2nd period - Stopped by Robin Lehner with a rebound.
11:08 of 2nd period - Radko Gudas is hit by Antoine Roussel and loses puck.
11:29 of 2nd period - Nino Niederreiter is hit by Nick Foligno and loses puck.
11:34 of 2nd period - Wrist shot by Nick Foligno.
11:34 of 2nd period - Deflect By Chris Kreider.
11:34 of 2nd period - Stopped by Robin Lehner with a rebound.
11:36 of 2nd period - Slapshot by Colin Miller.
11:36 of 2nd period - Shot Misses the Net.
11:38 of 2nd period - Wrist shot by Dennis Seidenberg.
11:38 of 2nd period - Stopped by Robin Lehner without a rebound.
11:39 of 2nd period - Ryan Strome wins face-off versus Radim Vrbata in Canadiens zone.
12:11 of 2nd period - Snap shot by Tyler Seguin.
12:11 of 2nd period - Stopped by Robin Lehner without a rebound.
12:12 of 2nd period - Bryan Little wins face-off versus Radim Vrbata in Canadiens zone.
12:29 of 2nd period - Wrist shot by Mitchell Marner.
12:29 of 2nd period - Stopped by Braden Holtby with a rebound.
13:19 of 2nd period - Jussi Jokinen is hit by Jake Muzzin.
13:43 of 2nd period - Snap shot by Carl Soderberg.
13:43 of 2nd period - Stopped by Robin Lehner with a rebound.
14:45 of 2nd period - Snap shot by Sven Baertschi.
14:45 of 2nd period - Stopped by Braden Holtby with a rebound.
14:47 of 2nd period - Wrist shot by Steve Ott.
14:47 of 2nd period - Shot Misses the Net.
14:49 of 2nd period - Wrist shot by Steve Ott.
14:49 of 2nd period - Stopped by Braden Holtby with a rebound.
14:51 of 2nd period - Wrist shot by Taylor Beck.
14:51 of 2nd period - Stopped by Braden Holtby with a rebound.
16:17 of 2nd period - Wrist shot by Antoine Roussel.
16:17 of 2nd period - Shot Misses the Net.
17:09 of 2nd period - Jonathan Marchessault is hit by Jake Muzzin and loses puck.
17:23 of 2nd period - Ryan Nugent-Hopkins is hit by Nino Niederreiter.
17:36 of 2nd period - Backhand shot by Tyler Seguin.
17:36 of 2nd period - Shot Misses the Net.
18:00 of 2nd period - Matt Cullen is hit by Steve Ott and loses puck.
19:29 of 2nd period - Michal Rozsival is hit by Steve Ott and loses puck.
19:42 of 2nd period - Antoine Vermette is hit by Brett Pesce and loses puck.
Goals for this period are 0 for Lightning vs 0 for Canadiens.
Shots for this period are 6 for Lightning vs 9 for Canadiens.

3rd period


0:01 of 3rd period - Radim Vrbata wins face-off versus Bryan Little in neutral zone.
0:06 of 3rd period - Slapshot by Dennis Seidenberg.
0:06 of 3rd period - Shot Blocked by Brent Seabrook.
0:08 of 3rd period - Slapshot by Matt Cullen.
0:08 of 3rd period - Stopped by Robin Lehner without a rebound.
0:09 of 3rd period - Bryan Little wins face-off versus Nick Foligno in Canadiens zone.
0:20 of 3rd period - Wrist shot by Nick Foligno.
0:20 of 3rd period - Stopped by Robin Lehner with a rebound.
0:22 of 3rd period - Wrist shot by Matt Cullen.
0:22 of 3rd period - Stopped by Robin Lehner with a rebound.
0:24 of 3rd period - Slapshot by Dennis Seidenberg.
0:24 of 3rd period - Stopped by Robin Lehner with a rebound.
0:26 of 3rd period - Wrist shot by Radim Vrbata.
0:26 of 3rd period - Stopped by Robin Lehner without a rebound.
0:27 of 3rd period - Chris Kreider wins face-off versus Ryan Nugent-Hopkins in Canadiens zone.
0:54 of 3rd period - Wrist shot by Mitchell Marner.
0:54 of 3rd period - Stopped by Braden Holtby without a rebound.
0:55 of 3rd period - Ryan Strome wins face-off versus Radim Vrbata in Lightning zone.
1:16 of 3rd period - Minor Penalty to Matt Cullen for Tripping.
1:17 of 3rd period - Chris Kreider wins face-off versus Drew Stafford in Lightning zone.
1:56 of 3rd period - Icing by Jake Muzzin.
1:57 of 3rd period - Bryan Little wins face-off versus Drew Stafford in Canadiens zone.
2:18 of 3rd period - Patrick Marleau is hit by Ryan Dzingel and loses puck.
2:31 of 3rd period - Snap shot by Drew Stafford.
2:31 of 3rd period - Shot Misses the Net.
2:33 of 3rd period - Slapshot by Colin Miller.
2:33 of 3rd period - Shot Misses the Net.
2:35 of 3rd period - Snap shot by Drew Stafford.
2:35 of 3rd period - Shot Blocked by Bryan Little.
2:37 of 3rd period - Wrist shot by Drew Stafford.
2:37 of 3rd period - Stopped by Robin Lehner with a rebound.
2:39 of 3rd period - Slapshot by Andrej Sekera.
2:39 of 3rd period - Shot Blocked by Jake Muzzin.
2:41 of 3rd period - Wrist shot by Ryan Dzingel.
2:41 of 3rd period - Stopped by Robin Lehner without a rebound.
2:42 of 3rd period - Chris Kreider wins face-off versus Antoine Vermette in Canadiens zone.
2:57 of 3rd period - Snap shot by Mitchell Marner.
2:57 of 3rd period - Deflect By Jussi Jokinen.
2:57 of 3rd period - Shot Blocked by Dennis Seidenberg.
2:57 of 3rd period - Puck is out of play.
2:58 of 3rd period - Chris Kreider wins face-off versus Drew Stafford in Lightning zone.
3:16 of 3rd period - Penalty to Matt Cullen is over, Matt Cullen is back on ice.
4:03 of 3rd period - Snap shot by Nick Foligno.
4:03 of 3rd period - Shot Blocked by Taylor Beck.
4:21 of 3rd period - Snap shot by Carl Soderberg.
4:21 of 3rd period - Stopped by Robin Lehner with a rebound.
4:23 of 3rd period - Snap shot by Michal Rozsival.
4:23 of 3rd period - Stopped by Robin Lehner with a rebound.
4:47 of 3rd period - Snap shot by Mitchell Marner.
4:47 of 3rd period - Shot Blocked by Radko Gudas.
5:37 of 3rd period - Carl Soderberg is hit by Chris Kreider and loses puck.
6:36 of 3rd period - Sven Baertschi is hit by Matt Cullen and loses puck.
7:21 of 3rd period - Drew Stafford is hit by Reilly Smith and loses puck.
7:38 of 3rd period - Minor Penalty to Carl Soderberg for Interference.
7:39 of 3rd period - Matt Cullen wins face-off versus Chris Kreider in Lightning zone.
7:56 of 3rd period - Matt Cullen is hit by Mitchell Marner and loses puck.
8:33 of 3rd period - Jussi Jokinen is hit by Chris Kreider and loses puck.
9:38 of 3rd period - Penalty to Carl Soderberg is over, Carl Soderberg is back on ice.
10:38 of 3rd period - Snap shot by Ryan Nugent-Hopkins.
10:38 of 3rd period - Shot Misses the Net.
10:40 of 3rd period - Wrist shot by Jonathan Marchessault.
10:40 of 3rd period - Shot Misses the Net.
10:42 of 3rd period - Backhand shot by Jonathan Marchessault.
10:42 of 3rd period - Stopped by Robin Lehner without a rebound.
10:43 of 3rd period - Bryan Little wins face-off versus Ryan Nugent-Hopkins in Canadiens zone.
10:48 of 3rd period - Tyler Seguin is hit by Mitchell Marner and loses puck.
11:09 of 3rd period - Wrist shot by Chris Kreider.
11:09 of 3rd period - Stopped by Braden Holtby without a rebound.
11:10 of 3rd period - Nick Foligno wins face-off versus Patrick Marleau in Lightning zone.
11:10 of 3rd period - Nick Foligno is hit by Chris Kreider.
11:18 of 3rd period - Slapshot by Nick Foligno.
11:18 of 3rd period - Stopped by Robin Lehner with a rebound.
11:20 of 3rd period - Snap shot by Matt Cullen.
11:20 of 3rd period - Goal by Matt Cullen - Lightning : 2 - Canadiens : 3.
11:21 of 3rd period - Radim Vrbata wins face-off versus Bryan Little in neutral zone.
11:38 of 3rd period - Icing by Bryan Little.
11:39 of 3rd period - Ryan Nugent-Hopkins wins face-off versus Max Pacioretty in Canadiens zone.
11:56 of 3rd period - Snap shot by Mitchell Marner.
11:56 of 3rd period - Stopped by Braden Holtby without a rebound.
11:57 of 3rd period - Patrick Marleau wins face-off versus Matt Cullen in Lightning zone.
12:04 of 3rd period - Slapshot by Nino Niederreiter.
12:04 of 3rd period - Shot Misses the Net.
12:24 of 3rd period - Antoine Roussel is hit by Ryan Nugent-Hopkins and loses puck.
12:33 of 3rd period - Dennis Seidenberg is hit by Reilly Smith and loses puck.
12:45 of 3rd period - Off-side.
12:46 of 3rd period - Taylor Beck wins face-off versus Antoine Vermette in neutral zone.
13:07 of 3rd period - Sven Baertschi is hit by Antoine Vermette and loses puck.
13:18 of 3rd period - Snap shot by Antoine Vermette.
13:18 of 3rd period - Shot Hit the Post.
13:20 of 3rd period - Backhand shot by Ryan Dzingel.
13:20 of 3rd period - Goal by Ryan Dzingel - Lightning : 3 - Canadiens : 3.
13:21 of 3rd period - Patrick Marleau wins face-off versus Radim Vrbata in neutral zone.
14:02 of 3rd period - Icing by Brent Seabrook.
14:03 of 3rd period - Antoine Vermette wins face-off versus Ryan Strome in Canadiens zone.
14:04 of 3rd period - Snap shot by Jussi Jokinen.
14:04 of 3rd period - Deflect By Antoine Vermette.
14:04 of 3rd period - Shot Misses the Net.
14:04 of 3rd period - Puck is out of play.
14:05 of 3rd period - Antoine Vermette wins face-off versus Ryan Strome in Canadiens zone.
14:30 of 3rd period - Jussi Jokinen is hit by Ryan Strome and loses puck.
14:51 of 3rd period - Snap shot by Ryan Strome.
14:51 of 3rd period - Shot Misses the Net.
14:57 of 3rd period - Reilly Smith is hit by Dennis Seidenberg and loses puck.
15:44 of 3rd period - Snap shot by Reilly Smith.
15:44 of 3rd period - Shot Misses the Net.
15:54 of 3rd period - Slapshot by Brett Pesce.
15:54 of 3rd period - Stopped by Braden Holtby with a rebound.
16:24 of 3rd period - Slapshot by Noah Hanifin.
16:24 of 3rd period - Stopped by Robin Lehner without a rebound.
16:25 of 3rd period - Ryan Nugent-Hopkins wins face-off versus Bryan Little in Canadiens zone.
16:44 of 3rd period - Francois Beauchemin is hit by Radko Gudas and loses puck.
16:57 of 3rd period - Snap shot by Nino Niederreiter.
16:57 of 3rd period - Stopped by Braden Holtby without a rebound.
16:58 of 3rd period - Matt Cullen wins face-off versus Patrick Marleau in Lightning zone.
17:05 of 3rd period - Brent Seabrook is hit by Nick Foligno.
17:17 of 3rd period - Snap shot by Radim Vrbata.
17:17 of 3rd period - Shot Misses the Net.
17:28 of 3rd period - Icing by Patrick Marleau.
17:29 of 3rd period - Patrick Marleau wins face-off versus Ryan Nugent-Hopkins in Canadiens zone.
17:58 of 3rd period - Snap shot by Carl Soderberg.
17:58 of 3rd period - Stopped by Robin Lehner with a rebound.
18:00 of 3rd period - Wrist shot by Drew Stafford.
18:00 of 3rd period - Stopped by Robin Lehner with a rebound.
18:16 of 3rd period - Nick Foligno is hit by Brent Seabrook and loses puck.
Goals for this period are 2 for Lightning vs 0 for Canadiens.
Shots for this period are 16 for Lightning vs 5 for Canadiens.

Overtime #1


0:01 of 1st overtime period - Bryan Little wins face-off versus Nick Foligno in neutral zone.
0:14 of 1st overtime period - Slapshot by Max Pacioretty.
0:14 of 1st overtime period - Shot Misses the Net.
0:16 of 1st overtime period - Wrist shot by Max Pacioretty.
0:16 of 1st overtime period - Shot Misses the Net.
0:46 of 1st overtime period - Snap shot by Radim Vrbata.
0:46 of 1st overtime period - Goal by Radim Vrbata - Lightning : 4 - Canadiens : 3.
Goals for this period are 1 for Lightning vs 0 for Canadiens.
Shots for this period are 1 for Lightning vs 0 for Canadiens.